 Dungeon Crawl Stone Soup version 0.30-a0-6-g7c9e10e132 (webtiles) character file.

Game seed: 5522872867442964409

115 SensoryNuts the Cudgeller (level 4, 0/42 HPs)
             Began as a Troll Gladiator on Aug 22, 2022.
             Was a Believer of Dithmenos.
             Slain by an orc
             ... wielding a +0 short sword
              (2 damage)
             ... on level 3 of the Dungeon.
             The game lasted 00:03:26 (2290 turns).

SensoryNuts the Cudgeller (Troll Gladiator)         Turns: 2290, Time: 00:03:27

Health: 0/42       AC:  4    Str: 24    XL:     4   Next: 68%
Magic:  3/3        EV: 10    Int:  4    God:    Dithmenos [**....]
Gold:   147        SH:  0    Dex: 11    Spells: 3/3 levels left

rFire   . . .      SeeInvis .    a - +0 flail
rCold   . . .      Faith    .    (no shield)
rNeg    . . .      Spirit   .    b - +0 robe
rPois   .          Reflect  .    c - +0 hat
rElec   .          Harm     .    (no cloak)
rCorr   .          Rampage  .    (gloves unavailable)
Will    .....                    (boots unavailable)
Stlth   +.........               (no amulet)
HPRegen 0.94/turn                (no ring)
MPRegen 0.08/turn                (no ring)

@: mighty, wreathed by umbra
A: large, unfitting armour, claws 3, regeneration 1, shaggy fur 1, tough skin 1
a: Renounce Religion, Shadow Step


You were on level 3 of the Dungeon.
You worshipped Dithmenos.
Dithmenos was pleased with you.
You visited 1 branch of the dungeon, and saw 4 of its levels.

You collected 147 gold pieces.

Inventory:

Hand Weapons
 a - a +0 flail (weapon)
 j - the +3 dagger of the Bashing Seeker {flame, +Blink rF- rN+++ Dex-3}
   (You found it on level 3 of the Dungeon)

   It burns those it strikes, dealing additional fire damage.
   Dex:       It affects your dexterity (-3).
   rF:        It makes you vulnerable to fire.
   rN:        It renders you almost immune to negative energy.
   +Blink:    It lets you blink.
Missiles
 d - 3 throwing nets (quivered)
 e - a large rock
Armour
 b - a +0 robe (worn)
 c - a +0 hat (worn)
Scrolls
 f - 2 scrolls of fog
 i - a scroll of brand weapon {unknown}
 k - a scroll of fear
 l - a scroll of enchant weapon
 n - 3 scrolls of identify
 o - a scroll of torment {unknown}
Potions
 h - 2 potions of flight
 m - 2 potions of attraction


   Skills:
 + Level 2.3 Fighting
 * Level 0.1 Short Blades
 - Level 3.5 Maces & Flails
 - Level 2.1 Throwing
 + Level 3.3 Dodging
 + Level 0.1 Stealth


You had 3 spell levels left.
You didn't know any spells.
Your spell library was empty.

Dungeon Overview and Level Annotations

Branches:
Dungeon (4/15)
 Temple: D:4-7

Altars:
Dithmenos

Shops:
D:4 !


Innate Abilities, Weirdness & Mutations

You are too large for most types of armour.
You have claws for hands.
Your natural rate of healing is unusually fast.
You are covered in fur. (AC +1)
You have tough skin. (AC +1)


Message History

The orc hits you but does no damage.
There is a stone staircase leading up here.
You closely miss the orc. The orc barely misses you.
The orc priest calls down the wrath of Beogh upon you.
Pain shoots through your body! The orc hits you with a +0 short sword.
You thump the orc!
You kill the orc!
Dithmenos accepts your kill. The hobgoblin closely misses you.
The orc closely misses you. The hobgoblin barely misses you.
The orc barely misses you.
The orc priest calls down the wrath of Beogh upon you.
Beogh smites you! The hobgoblin hits you.
The orc priest looks encouraged for a moment.
The orc hits you but does no damage.
You climb upwards.
There is a stone staircase leading down, spattered with blood here.
You are too injured to fight recklessly!
You are too injured to fight recklessly!
You are too injured to fight recklessly!
You closely miss the orc. The hobgoblin hits you.
The orc hits you with a +0 short sword.
You completely miss the orc. The hobgoblin misses you.
The orc hits you but does no damage.
You hit the orc but do no damage. The hobgoblin hits you.
* * * LOW HITPOINT WARNING * * *
The orc hits you with a +0 short sword.
* * * LOW HITPOINT WARNING * * *
You hit the orc but do no damage. The hobgoblin barely misses you.
The orc hits you with a +0 short sword.
* * * LOW HITPOINT WARNING * * *
The hobgoblin hits you but does no damage.
The orc hits you but does no damage.
You feel very mighty all of a sudden. The hobgoblin barely misses you.
The orc hits you with a +0 short sword.
* * * LOW HITPOINT WARNING * * *
You hit the orc.
The orc is moderately wounded.
The hobgoblin barely misses you. The orc hits you with a +0 short sword.
You die...

....########## ###)###...........
#............###.......#.....#..#
#.#.######.#.#.#.#..##.#)....#..#
#.#.# #.........#.##.##...##.##
#.#.# ##.#.#.#.##.##..#)..#..#.
#.#.#####.........#.##..##.##.##.
#......###.#.#.#.##.##...#.#..#.†
#...##.##.......o.#.##...###.##..
....#....#.#.#.#@##.###...#..#...
#.#...).........g.#.###...#..#...
#.#.#.#.##.#.#.#.#......#........
......#.#..#.###...####..........
#............# ##### ###########
###.....###### #######


You could see an orc and a hobgoblin.

Vanquished Creatures
  Terence (D:2)
  An adder (D:2)
  An ufetubus (D:3)
  2 worms
  6 orcs
  7 ball pythons
  4 bats
  2 endoplasms
  7 goblins
  6 hobgoblins
  8 jackals (D:2)
  5 kobolds
  A frilled lizard (D:3)
  7 rats
58 creatures vanquished.

Notes
Turn   | Place    | Note
-------+----------+-------------------------------------------
     0 | D:1      | SensoryNuts the Troll Gladiator began the quest for the
                  | Orb.
     0 | D:1      | Reached XP level 1. HP: 19/19 MP: 0/0
   151 | D:1      | Found a faded altar of an unknown god.
   213 | D:1      | Prayed at the altar of an unknown god.
   213 | D:1      | Became a worshipper of Dithmenos the Shadowed
   213 | D:1      | Reached * piety under Dithmenos
   457 | D:1      | Reached XP level 2. HP: 26/27 MP: 1/1
   870 | D:2      | Noticed Terence
   893 | D:2      | HP: 1/28 [Terence/+0 mace (5)]
   895 | D:2      | Killed Terence
   896 | D:2      | Reached XP level 3. HP: 4/35 MP: 2/2
  1260 | D:2      | Reached XP level 4. HP: 38/42 MP: 3/3
  1472 | D:3      | Reached ** piety under Dithmenos
  1622 | D:3      | Identified the +3 dagger of the Bashing Seeker {flame,
                  | +Blink rF- rN+++ Dex-3}
  2229 | D:4      | Found Geamosa's Distillery.
  2289 | D:3      | HP: 1/42 [orc/+0 short sword (3)]
  2290 | D:3      | Slain by an orc

Illustrated notes

Levels and vault maps discovered:
D:1:      minmay_arrival_semitransparent, layout_loops_ring,
          hellmonk_ecumenical_altar_pennies_from_heaven
D:2:      layout_loops_ring, kennysheep_generic_room_4, uniq_terence
D:3:      layout_loops_ring, grunt_ministairs_3, st_stairs_9,
          minmay_misc_feat_hallway, minmay_misc_feat_rugged,
          nicolae_kite_square_tiling_tiny, minmay_unequal
D:4:      layout_rooms, nicolae_inconvenience_store

Skill      XL: |  1  2  3 |
---------------+----------+-----
Throwing       | 2 |  2.1
Maces & Flails | 3 |  3.5
Fighting       | 2 |  2.3
Dodging        | 3 |  3.3
Short Blades   | |  0.1
Stealth        | |  0.1

Action                   |  1- 3 |  4- 6 || total
-------------------------+-------+-------++-------
Melee: Flail             |   117 |    52 ||   169
       Punch             |     1 |       ||     1
       Dagger            |       |    32 ||    32
 Abil: Evoke Blink       |       |     1 ||     1
  Use: Potion            |       |     6 ||     6
       Scroll            |       |     4 ||     4
 Stab: Sleeping          |     1 |       ||     1
Armor: Robe              |    60 |    32 ||    92
Dodge: Dodged            |   129 |    90 ||   219

Table legend: (Time is in decaauts)
 A = Elapsed time spent in this place.
 B = Non-inter-level travel time spent in this place.
 C = Inter-level travel time spent in this place.
 D = Time resting spent in this place.
 E = Time spent auto-exploring this place.
 F = Levels seen in this place.
 G = Mean time per level.
                   A        B        C        D        E       F      G
               +--------+--------+--------+--------+--------+-----+--------+
         Total |   2337 |   2303 |     34 |      0 |   1787 |   4 |  584.2 |
       Dungeon |   2337 |   2303 |     34 |      0 |   1787 |   4 |  584.2 |
               +--------+--------+--------+--------+--------+-----+--------+

Top non-repeatable levels by time:
     D:3: 862 daAuts
     D:2: 818 daAuts
     D:1: 629 daAuts
     D:4: 26 daAuts
